 Dungeon Crawl Stone Soup version 0.28-a0-422-gd71735cc25 (webtiles) character file.

Game seed: 15618571475418673587

5 willcat the Sneak (level 1, -2/13 HPs)
             Began as a Deep Elf Delver on Sept 8, 2021.
             Slain by a howler monkey skeleton (5 damage)
             ... on level 5 of the Dungeon.
             The game lasted 00:00:30 (213 turns).

willcat the Sneak (Deep Elf Delver)                  Turns: 213, Time: 00:00:31

Health: -2/13      AC:  3    Str:  9    XL:     1   Next: 66%
Magic:  3/3        EV: 12    Int: 14    God:
Gold:   55         SH:  0    Dex: 16    Spells: 0/0 levels left

rFire   . . .      SeeInvis .   a - +0 short sword
rCold   . . .      Faith    .   (no shield)
rNeg    . . .      Spirit   .   b - +0 leather armour
rPois   .          Reflect  .   (no helmet)
rElec   .          Harm     .   (no cloak)
rCorr   .          Rampage  .   (no gloves)
Will    .....                   (no boots)
Stlth   +++.......              (no amulet)
HPRegen 0.04/turn               (no ring)
MPRegen 0.08/turn               (no ring)

@: no status effects
A: no striking features
a: no special abilities


You were on level 5 of the Dungeon.
You visited 1 branch of the dungeon, and saw 1 of its levels.

You collected 55 gold pieces.

Inventory:

Hand Weapons
 a - a +0 short sword (weapon)
Missiles
 i - 12 poisoned darts (quivered)
Armour
 b - a +0 leather armour (worn)
Wands
 g - a wand of digging (3)
Scrolls
 c - a scroll of fog
 d - a scroll of magic mapping
 e - a scroll of fear
 h - a scroll of immolation {unknown}
Potions
 f - a potion of haste


   Skills:
 + Level 2.4 Fighting
 + Level 2.0 Short Blades
 + Level 2.4 Dodging
 + Level 6.3 Stealth


You couldn't memorise any spells.
You didn't know any spells.
Your spell library was empty.

Dungeon Overview and Level Annotations

Branches:
Dungeon (5/15)
 Temple: D:4-7

Altars:


Message History

The quokka completely misses you.
You barely miss the quokka.
The quokka is almost dead.
The quokka bites you.
You hit the quokka but do no damage.
The quokka is almost dead.
The quokka closely misses you.
You hit the quokka.
You kill the quokka!
You now have 55 gold pieces (gained 15).
You see here a quokka corpse.
You start resting.
An adder skeleton comes into view.
You see here 12 poisoned darts.
i - 12 poisoned darts You start resting.
A howler monkey skeleton is nearby!
Press: ? - help, v - describe, . - travel The floor.
You hit the howler monkey skeleton but do no damage.
The howler monkey skeleton closely misses you.
You barely miss the howler monkey skeleton.
The howler monkey skeleton closely misses you.
You hit the howler monkey skeleton.
The howler monkey skeleton is moderately damaged.
The howler monkey skeleton hits you.
You hit the howler monkey skeleton.
The howler monkey skeleton is heavily damaged.
The howler monkey skeleton hits you.
You barely miss the howler monkey skeleton.
The howler monkey skeleton is heavily damaged.
The howler monkey skeleton closely misses you.
You hit the howler monkey skeleton.
The howler monkey skeleton is heavily damaged.
The howler monkey skeleton hits you.
* * * LOW HITPOINT WARNING * * *
You hit the howler monkey skeleton.
The howler monkey skeleton is severely damaged.
The howler monkey skeleton hits you.
You die...

....###....................
..................#........
.................##........
#....##.....##.###.....#...
##............##...#...# ..
#................###..#...
#.#..........##..#.......
#.#........##>Z......##.
...............@##..## .. .#
#.............#.## ...#.
##............#.# .....
#............#..# ...#
.............#.########...##.
............................
..............##...[......
...........####.........
.#.......###...†.......


You could see a howler monkey skeleton.

Vanquished Creatures
  2 orcs (D:5)
  A quokka (D:5)
3 creatures vanquished.

Notes
Turn   | Place    | Note
-------+----------+-------------------------------------------
     0 | D:5      | willcat the Deep Elf Delver began the quest for the Orb.
     0 | D:5      | Reached XP level 1. HP: 13/13 MP: 3/3
   213 | D:5      | Slain by a howler monkey skeleton

Illustrated notes

Levels and vault maps discovered:
D:5:      layout_cave_pools, grunt_ministairs_13, minmay_lizard_king

Action                   || total
-------------------------++-------
Melee: Short sword       ||    23
 Stab: Sleeping          ||     1
Armor: Leather armour    ||     4
Dodge: Dodged            ||    12

Table legend: (Time is in decaauts)
 A = Elapsed time spent in this place.
 B = Non-inter-level travel time spent in this place.
 C = Inter-level travel time spent in this place.
 D = Time resting spent in this place.
 E = Time spent auto-exploring this place.
 F = Levels seen in this place.
 G = Mean time per level.
                   A        B        C        D        E       F      G
               +--------+--------+--------+--------+--------+-----+--------+
         Total |    213 |    213 |      0 |     61 |     45 |   1 |  213.0 |
       Dungeon |    213 |    213 |      0 |     61 |     45 |   1 |  213.0 |
               +--------+--------+--------+--------+--------+-----+--------+

Top non-repeatable levels by time:
     D:5: 213 daAuts
